cohdb
Replays
Latest Replays
All Replays
Popular Replays
Top Player Replays
Match Explorer
How It Works
Community
CoH3 Stats
Reddit
Sign in to upload your games and track your stats! →
Sign in with Steam
Match 41478671
Unlisted
Match 41478671
Overview
Messages
Build Orders
End
Vickers Machine Gun Team
Construct Section Command Post
Dingo Light Scout Car
Infantry Section
Infantry Section
Construct Platoon Command Post
Construct Field Infirmary
6-pounder Anti-tank Gun Team
Unlock Bishop Self-propelled Artillery
Bishop Self-propelled Artillery
Infantry Section
Infantry Section
Infantry Training
6-pounder Anti-tank Gun Team
Bishop Self-propelled Artillery
Light Vehicle Training
The Fresh Prince
BurningShot
iPlayThisNaked
hazee^^
cћk247
Miško
Vasilli Grozny
AshCo Dismas
0
0
Comments
sign in to comment!
No comments posted yet!